 Dungeon Crawl Stone Soup version 0.21.1-1-g345015fe64 (webtiles) character file.

329 Lavandula the Magician (level 6, 0/41 HPs)
             Began as a Barachi Earth Elementalist on July 19, 2018.
             Slain by Grinder (5 damage)
             ... on level 3 of the Dungeon.
             The game lasted 00:07:00 (981 turns).

Lavandula the Magician (Barachi Earth Elementalist)  Turns: 981, Time: 00:07:01

Health: 0/41       AC:  2    Str:  8 (10) XL:     6   Next: 51%
Magic:  7/14       EV: 12    Int: 16 (17) God:
Gold:   42         SH:  0    Dex: 10 (12) Spells: 3/16 levels left

rFire    . . .     SeeInvis .   o - +0 dagger (venom)
rCold    . . .     Gourm    .   (no shield)
rNeg     . . .     Faith    .   c - +0 robe
rPois    .         Spirit   .   (no helmet)
rElec    .         Reflect  .   (no cloak)
rCorr    .         Harm     .   (no gloves)
MR       .....                  (no boots)
Stlth    ++........             (no amulet)
HPRegen  0.13/turn              (no ring)
MPRegen  0.14/turn              (no ring)

@: can't hop, very slightly contaminated, slow
A: +LOS, swims, slowness 1, strong legs 1
a: Hop


You were on level 3 of the Dungeon.
You were not hungry.

You visited 1 branch of the dungeon, and saw 4 of its levels.

You collected 42 gold pieces.

Inventory:

Hand Weapons
 f - a +0 short sword
 m - a +0 hand axe
 o - a +0 dagger of venom (weapon)
Missiles
 b - 29 stones (quivered)
Armour
 c - a +0 robe (worn)
 g - a +0 ring mail
Scrolls
 a - 2 scrolls of teleportation {unknown}
 h - a scroll of random uselessness {unknown}
 i - a scroll of enchant weapon {unknown}
 k - 2 scrolls of identify {unknown}
 n - a scroll of immolation {unknown}
 p - 2 scrolls of amnesia {unknown}
Potions
 l - a potion of degeneration
Books
 e - a book of Geomancy

   Spells                             Type                      Level
   a - Sandblast                      Earth                        1
   b - Passwall                       Transmutation/Earth          2
   c - Stone Arrow                    Conjuration/Earth            3
   d - Petrify                        Transmutation/Earth          4
   e - Lee's Rapid Deconstruction     Earth                        5
Comestibles
 d - 5 rations


   Skills:
 - Level 2.1 Dodging
 - Level 1.7 Stealth
 - Level 5.7 Spellcasting
 - Level 1.1 Transmutations
 + Level 4.6 Earth Magic


You had 3 spell levels left.
You knew the following spells:

 Your Spells              Type           Power        Failure   Level  Hunger
a - Sandblast             Erth           ###...       2%          1    None
b - Stone Arrow           Conj/Erth      ##....       16%         3    ##.....
c - Petrify               Tmut/Erth      ##......     41%         4    ####...
d - Lee's Rapid Deconstr  Erth           ###.......   52%         5    ######.


Dungeon Overview and Level Annotations

Branches:
Dungeon (4/15)
 Temple: D:4-7

Altars:
Dithmenos
Uskayaw
Yredelemnul

Annotations:
D:2 Robin
D:3 Grinder


Innate Abilities, Weirdness & Mutations

Shadows flee at your approach. (+LOS)
You can swim through water.
You cover ground slowly.
You can hop short distances.


Message History

Aim: Grinder (heavily wounded)
You miscast Sandblast.
You feel momentarily lethargic.
Casting: Sandblast
Confirm with . or Enter, or press ? or * to list all spells.
Aiming: Sandblast
Press: ? - help, Shift-Dir - straight line, f/p - Grinder
Aim: Grinder (heavily wounded)
The blast of sand hits Grinder.
Grinder is severely wounded.
b - 30 stones
Casting: Sandblast
Confirm with . or Enter, or press ? or * to list all spells.
Aiming: Sandblast
Press: ? - help, Shift-Dir - straight line, f/p - Grinder
Aim: Grinder (severely wounded)
The blast of sand hits Grinder.
Grinder is almost dead.
b - 29 stones Grinder hits you.
You die...

####.#
#.[#########....##
.(...............######
##.##r..........†.......
#..##.##.###........ #
#..##.##.# ########
.###. #..##r##.#
......#..##5##.#
........†##@##.#
.####...<......#
............####
#############


You could see Grinder and a rat.

Vanquished Creatures
  Sigmund (D:2)
  Natasha (thrice) (D:2)
  6 adders
  A worm (D:3)
  A dart slug (D:3)
  A leopard gecko (D:1)
  An orc (D:3)
  A giant cockroach (D:2)
  8 goblins
  9 hobgoblins
  2 jackals (D:3)
  2 bats
  A frilled lizard (D:3)
  4 kobolds
  5 rats
46 creatures vanquished.

Notes
Turn   | Place    | Note
-------+----------+-------------------------------------------
     0 | D:1      | Lavandula the Barachi Earth Elementalist began the quest for the Orb.
     0 | D:1      | Reached XP level 1. HP: 13/13 MP: 3/3
   128 | D:1      | Reached XP level 2. HP: 19/19 MP: 0/5
   145 | D:1      | Reached skill level 3 in Spellcasting
   257 | D:2      | Reached XP level 3. HP: 21/24 MP: 5/8
   264 | D:2      | Found a basalt altar of Yredelemnul.
   266 | D:2      | Noticed Sigmund
   382 | D:2      | Killed Sigmund
   382 | D:2      | Reached skill level 5 in Spellcasting
   382 | D:2      | Reached XP level 4. HP: 19/30 MP: 5/11
   382 | D:2      | Reached XP level 5. HP: 22/35 MP: 5/13
   388 | D:2      | Learned a level 3 spell: Stone Arrow
   393 | D:2      | Learned a level 4 spell: Petrify
   399 | D:2      | Learned a level 5 spell: Lee's Rapid Deconstruction
   430 | D:2      | Noticed Natasha
   432 | D:2      | Killed Natasha
   444 | D:2      | Noticed Natasha
   447 | D:2      | Killed Natasha
   447 | D:2      | Reached XP level 6. HP: 23/41 MP: 6/14
   458 | D:2      | Noticed Robin
   506 | D:2      | Noticed Natasha
   712 | D:3      | Found a hide-covered altar of Uskayaw.
   816 | D:3      | Found a shadowy altar of Dithmenos.
   857 | D:2      | Killed Natasha
   883 | D:3      | Noticed Grinder
   970 | D:3      | Paralysed by Grinder for 5 turns
   981 | D:3      | Slain by Grinder

Skill      XL: |  1  2  3  4  5  6 |
---------------+-------------------+-----
Spellcasting   | 3 5 |  5.7
Earth Magic    | 4 |  4.6
Dodging        | |  2.1
Stealth        | |  1.7
Transmutations | |  1.1

Action                   |  1- 3 |  4- 6 || total
-------------------------+-------+-------++-------
Melee: Short sword       |    26 |    14 ||    40
       Unarmed           |     1 |       ||     1
       Hand axe          |       |    12 ||    12
       Dagger            |       |     7 ||     7
 Cast: Sandblast         |    30 |    26 ||    56
       Stone Arrow       |       |     7 ||     7
 Abil: Hop               |     2 |     1 ||     3
  Use: Potion            |       |     2 ||     2
 Stab: Sleeping          |       |     1 ||     1
  Eat: Chunk             |       |     1 ||     1
Armor: Robe              |    14 |     7 ||    21
Dodge: Dodged            |    36 |    30 ||    66
